 Dungeon Crawl Stone Soup version 0.31.0-12-g77e489cdc1 (webtiles) character file.

Game seed: 8242042424123096899

145 Silvore the Covered (level 5, -1/47 HPs)
             Began as a Minotaur Fighter on Feb 21, 2024.
             Slain by a gnoll sergeant
             ... wielding a +0 spear
              (9 damage)
             ... on level 2 of the Dungeon.
             The game lasted 00:01:55 (880 turns).

Silvore the Covered (Minotaur Fighter)               Turns: 880, Time: 00:01:55

Health: -1/47      AC:  8    Str: 23    XL:     5   Next: 6%
Magic:  4/4        EV:  9    Int:  5    God:
Gold:   85         SH:  4    Dex:  9    Spells: 4/4 levels left

rFire   . . .        a - +1 war axe
rCold   . . .        c - +0 buckler
rNeg    . . .        b - +0 scale mail
rPois   .            (helmet restricted)
rElec   .            (no cloak)
rCorr   .            k - +0 pair of gloves
SInv    .            (no boots)
Will    .....        (no amulet) Stlth
                     (no ring)
HPRegen 0.27/turn    (no ring)
MPRegen 0.09/turn

%: no passive effects
@: no status effects
A: horns 2, retaliatory headbutt
a: no special abilities


You were on level 2 of the Dungeon.
You visited 1 branch of the dungeon, and saw 2 of its levels.

You collected 85 gold pieces.

Inventory:

Hand Weapons
 a - a +1 war axe (weapon)
Armour
 b - a +0 scale mail (worn)
 c - a +0 buckler (worn)
 k - a +0 pair of gloves (worn)
Scrolls
 h - a scroll of amnesia {unknown}
 l - a scroll of identify {unknown}
 m - a scroll of teleportation {unknown}
Potions
 d - a potion of might
 e - a potion of degeneration {unknown}
 f - 2 potions of curing {unknown}
 g - a potion of magic {unknown}
 i - a potion of haste {unknown}
 j - a potion of heal wounds {unknown}


   Skills:
 + Level 4.6 Fighting
 + Level 4.0 Axes
 + Level 4.6 Armour
 + Level 0.5 Dodging
 + Level 4.4 Shields


You had 4 spell levels left.
You didn't know any spells.
Your spell library contained the following spells:

 Spells                   Type           Power      Damage    Failure   Level
 Dazzling Flash           Conj/Hex       0%         N/A       99%         3
 Volatile Blastmotes      Fire/Tloc      0%         2d10      99%         3
 Starburst                Conj/Fire      0%         6d3       100%        6
 Maxwell's Capacitive Co  Air            0%         ∞         100%        8


Dungeon Overview and Level Annotations

Branches:
Dungeon (2/15)

Altars:


Innate Abilities, Weirdness & Mutations

You have a pair of horns on your head.
You reflexively headbutt those who attack you in melee.


Message History

The gnoll hits you with a +0 spear.
You barely miss the gnoll.
The gnoll is almost dead.
You hit the gnoll.
You kill the gnoll!
You closely miss the gnoll. You block the gnoll's attack.
The gnoll barely misses you. You furiously retaliate!
You headbutt the gnoll.
You kill the gnoll!
You barely miss the gnoll. You slash the gnoll!
You kill the gnoll!
The gnoll barely misses you.
You barely miss the gnoll. The gnoll hits you with a +0 flail. x2
You slash the gnoll! You headbutt the gnoll.
You kill the gnoll!
Your Axes skill increases to level 4!
You have reached level 5!
Things that are here:
a +0 spear; a +0 leather armour The gnoll shouts!
A gnoll breaks down the door.
Found the +5 woodcutter's axe.
Found a hand axe.
The gnoll sergeant hits you from afar with a +0 spear.
You block the gnoll's attack. The gnoll sergeant closely misses you.
The gnoll hits you but does no damage.
There is a broken door here.
You closely miss the gnoll sergeant. You barely miss the gnoll.
The gnoll sergeant hits you with a +0 spear.
The gnoll barely misses you. You furiously retaliate!
You headbutt the gnoll, but do no damage.
You hit the gnoll sergeant but do no damage.
You barely miss the gnoll.
The gnoll sergeant hits you with a +0 spear.
The gnoll hits you with a +0 spear.
You closely miss the gnoll sergeant. You slash the gnoll!
The gnoll sergeant hits you with a +0 spear.
The gnoll hits you with a +0 spear!
* * * LOW HITPOINT WARNING * * *
The gnoll sergeant hits you with a +0 spear!
You die...

...#.#.##.#..# ♣.♣###
#.......... #...#.# # ♣♣)♣♣
#(##.#..... #..#.# ♣)))♣
##.##.#..... #...# ♣♣...♣♣
#.....'..... #...# ♣.....♣
##.##.#..... #.#....#
♣♣.♣..)♣♣ #.##.#.....
#.##.###♣♣....♣..♣♣#....##'#..
#.# ..# ♣)........♣#..######..
#.# #.# ♣.###@###.♣#....# #..
#.# .. ♣.#..gg.#.♣###### ♣..
#.# #.#♣.#.....#)♣ ♣♣. #.#
##♣♣#..)..#♣♣ ♣♣ #.### ###.###
##### ♣ #...#
##############...# ♣
###.####...## #........# ♣♣
#.......>.# ######%..# ♣)
#######.### ######...# ##)


You could see a gnoll sergeant and a gnoll.

Vanquished Creatures
  Crazy Yiuf (D:2)
  Terence (D:2)
  5 gnolls (D:2)
  An adder (D:2)
  3 dart slugs
  A ball python (D:1)
  3 bats
  2 endoplasms (D:1)
  2 giant cockroaches (D:1)
  A goblin (D:1)
  2 hobgoblins (D:1)
  3 jackals (D:1)
  A quokka (D:1)
  2 frilled lizards (D:1)
  3 kobolds
  2 rats (D:1)
33 creatures vanquished.

Notes
Turn   | Place    | Note
-------+----------+-------------------------------------------
     0 | D:1      | Silvore the Minotaur Fighter began the quest for the Orb.
     0 | D:1      | Reached XP level 1. HP: 19/19 MP: 0/0
    89 | D:1      | Reached XP level 2. HP: 27/27 MP: 1/1
   485 | D:1      | Reached XP level 3. HP: 33/33 MP: 2/2
   574 | D:2      | Noticed Terence
   581 | D:2      | Killed Terence
   756 | D:2      | Reached XP level 4. HP: 41/41 MP: 3/3
   819 | D:2      | Found a runed translucent door.
   820 | D:2      | Noticed Crazy Yiuf
   826 | D:2      | Killed Crazy Yiuf
   871 | D:2      | Reached XP level 5. HP: 30/47 MP: 4/4
   876 | D:2      | Found the +5 woodcutter's axe
   880 | D:2      | Slain by a gnoll sergeant

Illustrated notes

Levels and vault maps discovered:
D:1:      dpeg_arrival_pits, layout_basic, serial_glass, glass_columns_a,
          glass_columns_a
D:2:      layout_basic, pf_guarded_unrand_woodcutter, uniq_crazy_yiuf_cottage,
          uniq_terence

Skill      XL: |  1  2  3  4 |
---------------+-------------+-----
Fighting       | 4 |  4.6
Shields        | 4 |  4.4
Armour         | 4 |  4.6
Axes           | 3 4 |  4.0
Dodging        | |  0.5

Action                     |  1- 3 |  4- 6 || total
---------------------------+-------+-------++-------
  Melee: War axe           |    49 |    14 ||    63
         Headbutt          |     8 |     1 ||     9
    Use: Scroll            |     1 |       ||     1
 Armour: Scale mail        |    32 |    18 ||    50
  Dodge: Dodged            |    27 |    11 ||    38
  Block: Buckler           |     6 |     8 ||    14
